 Dungeon Crawl Stone Soup version 0.29.1-2-gbd0b4ee654 (webtiles) character file.

Game seed: 14985733779933722728

8 HolyTactitian the Cudgeller (level 2, -1/27 HPs)
             Began as a Minotaur Berserker on Nov 5, 2022.
             Was a Follower of Trog.
             Slain by a jackal (3 damage)
             ... on level 1 of the Dungeon.
             The game lasted 00:03:13 (79 turns).

HolyTactitian the Cudgeller (Minotaur Berserker)      Turns: 79, Time: 00:03:13

Health: -1/27      AC:  2    Str: 21    XL:     2   Next: 0%
Magic:  1/1        EV:  9    Int:  4    God:    Trog [*.....]
Gold:   18         SH:  0    Dex:  9    Spells: 1/1 levels left

rFire   . . .      SeeInvis .   a - +0 mace
rCold   . . .      Faith    .   (no shield)
rNeg    . . .      Spirit   .   b - +0 animal skin
rPois   .          Reflect  .   (helmet restricted)
rElec   .          Harm     .   (no cloak)
rCorr   .          Rampage  .   (no gloves)
Will    .....                   (no boots)
Stlth   +.........              (no amulet)
HPRegen 0.09/turn               (no ring)
MPRegen 0.07/turn               (no ring)

@: on berserk cooldown, slowed, constricted, very slow
A: horns 2, retaliatory headbutt
a: Renounce Religion, Berserk


You were on level 1 of the Dungeon.
You worshipped Trog.
Trog was aware of your devotion.
You visited 1 branch of the dungeon, and saw 1 of its levels.

You collected 18 gold pieces.

Inventory:

Hand Weapons
 a - a +0 mace (weapon)
Armour
 b - a +0 animal skin (worn)
Scrolls
 d - a scroll of enchant weapon {unknown}
Potions
 c - 2 potions of heal wounds {unknown}
 e - a potion of curing {unknown}


   Skills:
 + Level 3.9 Fighting
 + Level 3.9 Maces & Flails
 + Level 2.5 Armour
 + Level 2.3 Dodging


You had one spell level left.
You didn't know any spells.
Your spell library was empty.

Dungeon Overview and Level Annotations

Branches:
Dungeon (1/15)

Altars:


Innate Abilities, Weirdness & Mutations

You have a pair of horns on your head.
You reflexively headbutt those who attack you in melee.


Message History

The jackal misses you. You furiously retaliate!
You headbutt the jackal. The jackal closely misses you.
The jackal barely misses you. You furiously retaliate!
You headbutt the jackal!
You kill the jackal!
Trog accepts your kill. The jackal misses you. The jackal bites you.
The jackal closely misses you.
You have reached level 2!
You closely miss the ball python. You headbutt the ball python.
The ball python is heavily wounded.
The jackal bites you.
The jackal bites you but does no damage.
The jackal bites you. The ball python barely misses you.
The ball python closely misses you. The jackal barely misses you.
The jackal bites you. The jackal barely misses you. The ball python bites you.
The ball python grabs you. The ball python constricts you.
The jackal bites you but does no damage.
The jackal closely misses you.
You completely miss the jackal.
The jackal is severely wounded.
The jackal bites you but does no damage.
The ball python closely misses you. The ball python constricts you.
* * * LOW HITPOINT WARNING * * *
The jackal barely misses you. The jackal bites you.
* * * LOW HITPOINT WARNING * * *
The jackal closely misses you. The ball python barely misses you.
The ball python constricts you.
The jackal bites you but does no damage.
The frilled lizard bites you.
* * * LOW HITPOINT WARNING * * *
The jackal bites you.
* * * LOW HITPOINT WARNING * * *
The jackal closely misses you.
The ball python bites you but does no damage.
The ball python constricts you.
Okay, then.
You hit the jackal.
You kill the jackal!
Trog accepts your kill. The jackal bites you.
You die...

... ###.. ......
...... ....#.########
........#......
......h†h.# )#
......S@.># ..#
......l##†##..##.# +##
.###+......†......
#..###..##..#.#.#....#
#.......#.......# ###
#.....##.....###
#.._..#......######
##.....##............
#.......#............


You could see 2 jackals, a ball python and a frilled lizard.

Vanquished Creatures
  A ball python (D:1)
  An endoplasm (D:1)
  A goblin (D:1)
  4 jackals (D:1)
7 creatures vanquished.

Notes
Turn   | Place    | Note
-------+----------+-------------------------------------------
     0 | D:1      | HolyTactitian the Minotaur Berserker began the quest for
                  | the Orb.
     0 | D:1      | Reached XP level 1. HP: 19/19 MP: 0/0
    38 | D:1      | Found a faded altar of an unknown god.
    77 | D:1      | Reached XP level 2. HP: 18/27 MP: 1/1
    79 | D:1      | Slain by a jackal

Illustrated notes

Levels and vault maps discovered:
D:1:      eino_arrival_druids_welcome, layout_basic,
          hellmonk_ecumenical_altar_slurped_away, minivault_4

Action                   || total
-------------------------++-------
Melee: Mace              ||    15
       Headbutt          ||     2
Invok: Berserk           ||     1
Armor: Animal skin       ||     8
Dodge: Dodged            ||    22
